 Dungeon Crawl Stone Soup version 0.26.1 (webtiles) character file.

Game seed: 7352816494972575575

88 Gadfly the Skirmisher (level 4, -1/35 HPs)
             Began as a Demonspawn Monk on Feb 8, 2021.
             Succumbed to an adder's poison
             ... on level 2 of the Dungeon.
             The game lasted 00:02:52 (3145 turns).

Gadfly the Skirmisher (Demonspawn Monk)             Turns: 3145, Time: 00:02:52

Health: -1/35      AC:  6    Str: 12    XL:     4   Next: 29%
Magic:  6/6        EV: 13    Int: 12    God:
Gold:   75         SH:  0    Dex: 15    Spells: 3/3 levels left

rFire    . . .     SeeInvis .   b - +0 flail (drain)
rCold    . . .     Faith    .   (no shield)
rNeg     . . .     Spirit   .   j - +0 ring mail
rPois    .         Reflect  .   (no helmet)
rElec    .         Harm     .   (no cloak)
rCorr    .         Rampage  .   (no gloves)
Will     .....                  h - +0 pair of boots
Stlth    +.........             i - amulet of the acrobat
HPRegen  0.11/turn              (no ring)
MPRegen  0.10/turn              (no ring)

@: lethally poisoned (-1 -> -10)
A: repulsion field 1, powered by pain 1
a: no special abilities


You were on level 2 of the Dungeon.
You visited 1 branch of the dungeon, and saw 3 of its levels.

You collected 75 gold pieces.

Inventory:

Hand Weapons
 a - a +1 hand axe
 b - a +0 flail of draining (weapon)
Armour
 h - a +0 pair of boots (worn)
 j - a +0 ring mail (worn)
Jewellery
 i - an amulet of the acrobat (around neck)
Scrolls
 d - a scroll of identify
 f - a scroll of magic mapping
 g - a scroll of enchant weapon
Potions
 c - a potion of attraction


   Skills:
 - Level 3.0 Fighting
 + Level 3.0 Axes
 * Level 1.5 Armour
 - Level 2.6 Dodging
 - Level 1.7 Stealth
 * Level 2.7 Invocations
 * Level 1.9 Evocations


You had 3 spell levels left.
You didn't know any spells.
Your spell library was empty.

Dungeon Overview and Level Annotations

Branches:
Dungeon (3/15)

Altars:
The Shining One

Annotations:
D:3 Ijyb


Innate Abilities, Weirdness & Mutations

You are surrounded by a mild repulsion field. (EV +2)
You sometimes gain a little power by taking damage.


Message History

You feel sick.
* * * LOW HITPOINT WARNING * * *
You feel sick.
* * * LOW HITPOINT WARNING * * *
You feel sick.
The rat twitches its whiskers.
* * * LOW HITPOINT WARNING * * *
You feel sick. The adder misses you.
* * * LOW HITPOINT WARNING * * *
You feel sick.
There is a stone staircase leading up here.
Okay, then.
Okay, then.
You aren't carrying any items that you can evoke.
The adder bites you.
* * * LOW HITPOINT WARNING * * *
You are more poisoned.
The adder poisons you!
You climb upwards.
You die...

#.#####........# #.#
#.######## #.#####.#
#.......# ###########
#.#.###.# #.........#
#.#.# #.# #.#######.#
#.#.# #.### #.# #.#
....###.#.####.#######.#
#.......<.......@S..##.#
#...#.....####.##...##.#
######...## #.##...##.#
##.## #.........# #.#
#.........# #.#
#.........# ##+##
####...#### ##...##
#...# ##.....## #...#


You could see an adder.

Vanquished Creatures
  4 gnolls
  2 adders (D:2)
  2 dart slugs
  A leopard gecko (D:2)
  A giant cockroach (D:1)
  2 goblins (D:2)
  2 hobgoblins (D:1)
  2 ball pythons (D:2)
  3 bats
  2 frilled lizards (D:1)
  6 kobolds
  3 rats
30 creatures vanquished.

Notes
Turn   | Place    | Note
-------+----------+-------------------------------------------
     0 | D:1      | Gadfly the Demonspawn Monk began the quest for the Orb.
     0 | D:1      | Reached XP level 1. HP: 18/18 MP: 1/1
    82 | D:1      | Found a glowing golden altar of the Shining One.
   390 | D:1      | Reached skill level 1 in Invocations
   395 | D:1      | Gained mutation: You sometimes gain a little power by
                  | taking damage. [demonic ancestry]
   395 | D:1      | Reached XP level 2. HP: 21/24 MP: 2/2
  1158 | D:2      | Reached skill level 1 in Evocations
  1170 | D:2      | Reached skill level 1 in Armour
  1170 | D:2      | Reached XP level 3. HP: 20/29 MP: 4/4
  2397 | D:2      | Gained mutation: You are surrounded by a mild repulsion
                  | field. (EV +2) [demonic ancestry]
  2397 | D:2      | Reached XP level 4. HP: 32/35 MP: 5/5
  3126 | D:3      | Noticed Ijyb
  3144 | D:3      | HP: 1/35 [adder (4)]
  3145 | D:2      | Succumbed to an adder's poison

Illustrated notes

Levels and vault maps discovered:
D:1:      dpeg_arrival_pits, layout_loops_cross, tso_metal_star
D:2:      layout_loops_corners, item_on_display_a
D:3:      minmay_angry_zag, layout_basic, uniq_ijyb

Skill      XL: |  1  2  3 |
---------------+----------+-----
Invocations    | 1 2 |  2.7
Evocations     | 1 |  1.9
Armour         | 1 |  1.5
Axes           | 3 |  3.0
Fighting       | |  3.0
Dodging        | |  2.6
Stealth        | |  1.7

Action                   |  1- 3 |  4- 6 || total
-------------------------+-------+-------++-------
Melee: Hand axe          |   110 |    21 ||   131
       Flail             |       |     6 ||     6
  Use: Scroll            |     1 |     3 ||     4
       Potion            |     1 |       ||     1
 Stab: Sleeping          |     1 |       ||     1
Armor: Robe              |     7 |     2 ||     9
       Ring mail         |       |     2 ||     2
Dodge: Dodged            |    84 |    28 ||   112
